Map: Catalyst LE

Players

llllllllllll

  • Race: Protoss Protoss
  • League: Master
  • Spawn Location: 11:00

A.I. 1 (Very Easy) - Winner!

  • Race: Protoss Protoss
  • Spawn Location: 5:00

VOD

Have the link to the VOD?

Description

Test, use at your own risk

Time

  • Played on: April 4, 2018, 10:51 a.m.
  • Length: 7:10
Show
View Real Time Build Order
Export as new Build Order

llllllllllll Protoss 

Build Orders: Blink Stalkers 

Get SALT Encoding   

  12  0:00  Probe  
  13  0:12  Probe  
  14  0:18  Pylon  
  14  0:25  Probe  
  15  0:37  Probe (Chrono Boost)  
  15  0:41  Gateway  
  16  0:47  Assimilator  
  16  0:48  Probe (Chrono Boost)  
  17  0:52  Probe (Chrono Boost)  
  17  0:56  Assimilator  
  18  1:03  Probe (Chrono Boost)  
  19  1:08  Gateway  
  20  1:11  Probe (Chrono Boost)  
  20  1:18  Probe  
  21  1:30  Cybernetics Core, Probe  
  22  1:35  Pylon  
  22  1:42  Probe  
  23  1:54  Probe  
  24  2:05  Warp Gate (Chrono Boost)  
  24  2:06  Probe  
  24  2:07  Stalker x2  
  29  2:13  Pylon  
  29  2:20  Pylon  
  29  2:37  Stalker x2  
  33  2:56  Nexus  
  33  3:07  Sentry x2  
  33  3:12  Twilight Council  
  37  3:18  Shield Battery  
  37  3:20  Probe  
  37  3:26  Pylon  
  38  3:33  Probe  
  39  3:45  Probe (Chrono Boost)  
  40  3:48  Blink  
  41  3:57  Probe (Chrono Boost)  
  41  4:00  Stalker x2  
  45  4:05  Probe (Chrono Boost)  
  45  4:08  Probe (Chrono Boost)  
  47  4:16  Probe (Chrono Boost)  
  49  4:18  Probe (Chrono Boost)  
  49  4:21  Probe (Chrono Boost)  
  49  4:23  Probe (Chrono Boost)  
  50  4:28  Robotics Facility  
  51  4:31  Probe  
  51  4:34  Probe  
  53  4:43  Probe  
  54  4:46  Assimilator  
  54  4:48  Probe  
  55  4:55  Pylon, Probe  
  55  4:59  Gateway  
  56  5:00  Probe  
  56  5:01  Gateway  
  56  5:03  Gateway  
  57  5:09  Gateway  
  57  5:15  Observer (Chrono Boost)  
  57  5:17  Stalker x2  
  57  5:21  Pylon  
  62  5:28  Warp Prism (Chrono Boost)  
  62  5:29  Pylon  
  64  5:40  Stalker x2  
  68  6:08  Stalker x6  
  80  6:12  Pylon  
  80  6:13  Pylon  
  80  6:38  Stalker  
  80  6:39  Stalker x5  
Show
View Real Time Build Order
Export as new Build Order

A.I. 1 (Very Easy) Protoss - Winner!

Build Orders: 1 Gate Expand, Nexus First 

Get SALT Encoding   

  12  0:00  Probe  
  13  0:13  Probe  
  14  0:19  Pylon  
  14  0:42  Gateway  
  14  1:03  Nexus  
  14  1:20  Pylon  
  14  1:22  Zealot  
  14  1:24  Assimilator  
  16  1:37  Cybernetics Core  
  16  1:39  Probe  
  17  1:51  Probe  
  18  2:00  Assimilator  
  18  2:01  Probe  
  19  2:09  Probe  
  19  2:10  Warp Gate  
  20  2:16  Stalker  
  20  2:19  Probe  
  20  2:22  Probe  
  24  2:33  Probe  
  25  2:40  Probe  
  26  2:46  Pylon  
  26  2:47  Probe  
  27  2:54  Probe  
  28  3:02  Probe  
  29  3:09  Probe  
  29  3:12  Robotics Facility  
  30  3:16  Probe  
  31  3:25  Probe  
  32  3:32  Probe  
  32  3:33  Zealot  
  35  3:39  Probe  
  36  3:46  Probe  
  37  3:53  Probe  
  37  3:54  Assimilator  
  38  3:58  Observer  
  38  4:00  Probe  
  40  4:05  Assimilator  
  40  4:08  Probe  
  41  4:12  Observer  
  41  4:13  Probe  
  42  4:23  Probe  
  44  4:26  Probe  
  45  4:33  Pylon  
  45  4:37  Probe  
  46  4:44  Probe  
  47  4:49  Sentry  
  47  4:51  Probe  
  50  6:31  Zealot  
  44  6:48  Probe  
  43  6:56  Probe  
  43  7:01  Pylon  
Tags
 
Add a new tag
Caveats
  • Supply blocks, unpowered buildings, or Contaminate may cause inaccurate times.
  • Supply counts are checked every 10 seconds.